[Event "SS Manhem GM"]
[Site "Molnlycke SWE"]
[Date "2019.08.14"]
[Round "7.4"]
[White "Lindgren, Philip"]
[Black "Golubka, Petro"]
[Result "1/2-1/2"]
[ECO "D97"]
[WhiteElo "2362"]
[BlackElo "2479"]
[WhiteFideId "-1"]
[BlackFideId "-1"]
[PlyCount "122"]
[GameId "2129404756300520"]
[EventDate "2019.08.10"]
[EventType "swiss"]
[EventRounds "9"]
[EventCountry "SWE"]
[EventCategory "8"]
[SourceTitle "10 Days #588"]
[Source "ChessMix"]
[SourceDate "2019.08.20"]
[SourceVersion "1"]
[SourceVersionDate "2019.08.20"]
[SourceQuality "1"]
[TimeControl "90+30"]
[WhiteClock "0:24:51"]
[BlackClock "0:01:39"]

1. c4 Nf6 2. d4 g6 3. Nc3 d5 4. Nf3 Bg7 5. Qb3 dxc4 6. Qxc4 O-O 7. e4 Na6 8. Be2 c5 9. d5 e6 10. O-O exd5 11. exd5 Bf5 12. Rd1 Qb6 13. Nh4 Bd7 14. Be3 Rfe8 15. a3 Rac8 16. h3 h6 17. Nf3 Bf5 18. Qb5 Red8 19. Qxb6 axb6 20. Rac1 Nc7 21. g4 Be4 22. d6 Ne6 23. Nd2 Bc6 24. Nc4 Nd7 25. Bf1 Nd4 26. Bg2 Nb3 27. Rc2 Nd4 28. Rcc1 Nb3 29. Rc2 b5 30. Nd2 Nd4 31. Rcc1 Ne5 32. Bxd4 cxd4 33. Nd5 Bf8 34. Ne7+ Bxe7 35. dxe7 Re8 36. Ne4 Rxe7 37. Rxd4 Kg7 38. Rc2 Rcc7 39. f4 Nc4 40. Kf2 Rcd7 41. Rxd7 Rxd7 42. Nc5 Rd4 43. Bxc6 bxc6 44. Kf3 Rd5 45. Nb7 f5 46. gxf5 gxf5 47. a4 Rd3+ 48. Kf2 Rxh3 49. Kg1 Ne3 50. Rxc6 bxa4 51. Nc5 Ng4 52. Nxa4 Rg3+ 53. Kh1 Rb3 54. Rb6 Re3 55. Nc5 Kf7 56. Kg2 h5 57. Rb3 Re2+ 58. Kg3 Rh2 59. Rb7+ Kg6 60. Rb6+ Kf7 61. Rb7+ Kg6 1/2-1/2

[Event "SS Manhem GM"]
[Site "Molnlycke SWE"]
[Date "2019.08.15"]
[Round "8.5"]
[White "Golubka, Petro"]
[Black "Urkedal, Frode"]
[Result "1-0"]
[ECO "C88"]
[WhiteElo "2479"]
[BlackElo "2566"]
[WhiteFideId "-1"]
[BlackFideId "-1"]
[PlyCount "80"]
[GameId "2129404756300526"]
[EventDate "2019.08.10"]
[EventType "swiss"]
[EventRounds "9"]
[EventCountry "SWE"]
[EventCategory "8"]
[SourceTitle "10 Days #588"]
[Source "ChessMix"]
[SourceDate "2019.08.20"]
[SourceVersion "1"]
[SourceVersionDate "2019.08.20"]
[SourceQuality "1"]
[TimeControl "90+30"]
[WhiteClock "0:00:35"]
[BlackClock "0:13:37"]

1. e4 e5 2. Nf3 Nc6 3. Bb5 a6 4. Ba4 Nf6 5. O-O Be7 6. Re1 b5 7. Bb3 O-O 8. a4 b4 9. d3 d6 10. a5 Rb8 11. Nbd2 Na7 12. Nc4 c5 13. c3 Nc6 14. Be3 Bg4 15. Bc2 Be6 16. Nfd2 Ng4 17. h3 Nxe3 18. fxe3 Kh8 19. Rf1 g6 20. Kh1 Bg5 21. Qf3 f5 22. exf5 d5 23. Ba4 Rxf5 24. Qg3 Bh4 25. Qh2 dxc4 26. Bxc6 cxd3 27. Rxf5 Bxf5 28. e4 bxc3 29. bxc3 Bf6 30. exf5 gxf5 31. Rf1 Rb2 32. Nc4 Re2 33. Qg1 e4 34. Qxc5 Qg8 35. Ne3 d2 36. Qxf5 Bxc3 37. Bd5 Qd8 38. Bxe4 Qg8 39. Nd5 Bd4 40. Ne7 Rxe4 1-0

[Event "SS Manhem GM"]
[Site "Molnlycke SWE"]
[Date "2019.08.16"]
[Round "9.3"]
[White "Vypkhaniuk, Ihor"]
[Black "Golubka, Petro"]
[Result "1/2-1/2"]
[ECO "D14"]
[WhiteElo "2405"]
[BlackElo "2479"]
[WhiteFideId "-1"]
[BlackFideId "-1"]
[PlyCount "24"]
[GameId "2129404756300529"]
[EventDate "2019.08.10"]
[EventType "swiss"]
[EventRounds "9"]
[EventCountry "SWE"]
[EventCategory "8"]
[SourceTitle "10 Days #588"]
[Source "ChessMix"]
[SourceDate "2019.08.20"]
[SourceVersion "1"]
[SourceVersionDate "2019.08.20"]
[SourceQuality "1"]
[TimeControl "90+30"]
[WhiteClock "1:23:18"]
[BlackClock "1:18:00"]

1. d4 d5 2. c4 c6 3. cxd5 cxd5 4. Nc3 Nf6 5. Bf4 Nc6 6. Nf3 Bf5 7. e3 e6 8. Bd3 Bxd3 9. Qxd3 Bd6 10. Bxd6 Qxd6 11. O-O O-O 12. Rac1 Rfc8 1/2-1/2

[Event "UKR-ch"]
[Site "Kyiv UKR"]
[Date "2018.12.17"]
[Round "6"]
[White "Golubka, Petro"]
[Black "Kovchan, Alexander"]
[Result "1/2-1/2"]
[ECO "B90"]
[WhiteElo "2464"]
[BlackElo "2575"]
[WhiteFideId "-1"]
[BlackFideId "-1"]
[PlyCount "82"]
[GameId "2129404762902101"]
[EventDate "2018.12.11"]
[EventType "tourn"]
[EventRounds "9"]
[EventCountry "UKR"]
[EventCategory "15"]
[SourceTitle "10 Days #564"]
[Source "ChessMix"]
[SourceDate "2018.12.20"]
[SourceVersion "1"]
[SourceVersionDate "2018.12.20"]
[SourceQuality "1"]
[TimeControl "40/5400+30:1800+30"]

1. e4 c5 2. Nf3 d6 3. d4 cxd4 4. Nxd4 Nf6 5. Nc3 a6 6. h4 e5 7. Nb3 Be7 8. Bg5 Be6 9. Bxf6 Bxf6 10. g3 Be7 11. Nd5 Nd7 12. Bh3 Rc8 13. c3 O-O 14. Kf1 Nb6 15. Ne3 Nc4 16. Nxc4 Rxc4 17. Nd2 Rc6 18. Bxe6 fxe6 19. Qe2 Qb6 20. Nf3 Qb5 21. Qxb5 axb5 22. Kg2 b4 23. cxb4 Rc2 24. Rhc1 Re2 25. Rc7 Bd8 26. Rxb7 d5 27. Rf1 dxe4 28. Nxe5 Rxb2 29. a4 Ra2 30. a5 e3 31. Ng4 e2 32. Re1 h5 33. Ne5 Bf6 34. f4 Bxe5 35. fxe5 Rf5 36. Rb6 Rxe5 37. Rc6 Re4 38. a6 Rxb4 39. Rxe6 Rba4 40. R6xe2 Rxa6 41. Rxa2 Rxa2+ 1/2-1/2

[Event "UKR-ch"]
[Site "Kyiv UKR"]
[Date "2018.12.20"]
[Round "9"]
[White "Kravtsiv, Martyn"]
[Black "Golubka, Petro"]
[Result "1-0"]
[ECO "D66"]
[WhiteElo "2644"]
[BlackElo "2464"]
[WhiteFideId "-1"]
[BlackFideId "-1"]
[PlyCount "155"]
[GameId "2129404762902116"]
[EventDate "2018.12.11"]
[EventType "tourn"]
[EventRounds "9"]
[EventCountry "UKR"]
[EventCategory "15"]
[SourceTitle "10 Days #564"]
[Source "ChessMix"]
[SourceDate "2018.12.20"]
[SourceVersion "1"]
[SourceVersionDate "2018.12.20"]
[SourceQuality "1"]
[TimeControl "40/5400+30:1800+30"]

1. d4 d5 2. c4 c6 3. Nf3 Nf6 4. Nc3 e6 5. Bg5 Nbd7 6. e3 Be7 7. Rc1 O-O 8. Be2 Re8 9. O-O dxc4 10. Bxc4 Nd5 11. Bxe7 Qxe7 12. Ne4 b6 13. Ne5 Bb7 14. Bb3 Rac8 15. Nc4 Rc7 16. Ncd6 Rb8 17. Nxb7 Rbxb7 18. Qf3 N7f6 19. Ng3 Qd8 20. Rfd1 Ne7 21. h4 Rd7 22. e4 Rb8 23. e5 Ne8 24. Qg4 Rc8 25. h5 Nd5 26. Ne4 Qe7 27. Rd3 f5 28. exf6 Nexf6 29. Nxf6+ Qxf6 30. Re3 Rd6 31. Rxe6 Qxe6 32. Qxe6+ Rxe6 33. Bxd5 Kf7 34. Kf1 Kf6 35. Bxe6 Kxe6 36. Re1+ Kd6 37. Re4 c5 38. Ke2 cxd4 39. Rxd4+ Ke6 40. Kd2 Rc5 41. g4 Ke7 42. Ra4 a5 43. f4 g6 44. Re4+ Kf7 45. hxg6+ hxg6 46. Kd3 Rc1 47. Re5 Rf1 48. Ke4 Re1+ 49. Kf3 Rc1 50. Rb5 Rc6 51. Ke4 Ke6 52. Re5+ Kf6 53. Kd5 Rc5+ 54. Kd4 Rc6 55. g5+ Kf7 56. f5 Rc2 57. fxg6+ Kg7 58. Rb5 Rc6 59. a3 Rd6+ 60. Rd5 Rc6 61. Rf5 Rc2 62. Rf7+ Kg8 63. b3 a4 64. bxa4 Rc5 65. Rf6 Ra5 66. Kc4 Rxa4+ 67. Kb3 Ra6 68. Kb4 Kg7 69. Rc6 Kg8 70. Rc7 Kf8 71. Rb7 Kg8 72. g7 Kh7 73. g6+ Kg8 74. a4 b5 75. Rb8+ Kxg7 76. axb5 Rxg6 77. Re8 Kf7 78. Re4 1-0

[Event "SS Manhem GM"]
[Site "Molnlycke SWE"]
[Date "2018.08.11"]
[Round "1.4"]
[White "Golubka, Petro"]
[Black "Gritsak, Orest"]
[Result "1-0"]
[ECO "C00"]
[WhiteElo "2478"]
[BlackElo "2464"]
[WhiteFideId "-1"]
[BlackFideId "-1"]
[PlyCount "77"]
[GameId "2129404764996915"]
[EventDate "2018.08.11"]
[EventType "tourn"]
[EventRounds "9"]
[EventCountry "SWE"]
[EventCategory "8"]
[SourceTitle "10 Days #552"]
[Source "ChessMix"]
[SourceDate "2018.08.20"]
[SourceVersion "1"]
[SourceVersionDate "2018.08.20"]
[SourceQuality "1"]
[TimeControl "90+30"]
[WhiteClock "0:03:57"]
[BlackClock "0:11:28"]

1. e4 e6 2. e5 d6 3. exd6 cxd6 4. d4 Nf6 5. Nf3 Be7 6. c4 O-O 7. Nc3 d5 8. Bd3 dxc4 9. Bxc4 a6 10. a4 b6 11. O-O Bb7 12. Qe2 Nc6 13. Rd1 Nb4 14. Bb3 Rc8 15. Bd2 Bxf3 16. Qxf3 Qd7 17. Bf4 Rfd8 18. h4 Qc6 19. Qe2 Qb7 20. h5 h6 21. Be5 a5 22. Rac1 Ne8 23. f4 Bd6 24. Nb5 Bxe5 25. fxe5 Rxc1 26. Rxc1 Rc8 27. Rf1 Qd7 28. Qe4 Rc6 29. Nc3 Nc7 30. Rf3 Ncd5 31. Rg3 f5 32. Qh4 Kf8 33. Rf3 Ne7 34. Qf2 Ke8 35. g4 Rc8 36. gxf5 Nxf5 37. Bxe6 Qxe6 38. Rxf5 Nd3 39. Qf3 1-0

[Event "SS Manhem GM"]
[Site "Molnlycke SWE"]
[Date "2018.08.12"]
[Round "2.2"]
[White "Lindberg, Bengt"]
[Black "Golubka, Petro"]
[Result "1/2-1/2"]
[ECO "B22"]
[WhiteElo "2416"]
[BlackElo "2478"]
[WhiteFideId "-1"]
[BlackFideId "-1"]
[PlyCount "46"]
[GameId "2129404764996918"]
[EventDate "2018.08.11"]
[EventType "tourn"]
[EventRounds "9"]
[EventCountry "SWE"]
[EventCategory "8"]
[SourceTitle "10 Days #552"]
[Source "ChessMix"]
[SourceDate "2018.08.20"]
[SourceVersion "1"]
[SourceVersionDate "2018.08.20"]
[SourceQuality "1"]
[TimeControl "90+30"]
[WhiteClock "0:49:01"]
[BlackClock "0:38:34"]

1. e4 c6 2. d4 d5 3. exd5 cxd5 4. c4 Nf6 5. Nc3 e6 6. Nf3 Bb4 7. cxd5 Nxd5 8. Bd2 Nc6 9. Bd3 Nf6 10. a3 Be7 11. Be3 O-O 12. O-O b6 13. Qc2 Bb7 14. Rad1 g6 15. Rfe1 Rc8 16. Qe2 Re8 17. Bh6 Ng4 18. Bf4 Nf6 19. Bc4 Na5 20. Bb5 Bc6 21. Ba6 Bb7 22. Bb5 Bc6 23. Ba6 Bb7 1/2-1/2

[Event "SS Manhem GM"]
[Site "Molnlycke SWE"]
[Date "2018.08.12"]
[Round "3.2"]
[White "Golubka, Petro"]
[Black "Rozentalis, Eduardas"]
[Result "1/2-1/2"]
[ECO "E12"]
[WhiteElo "2478"]
[BlackElo "2503"]
[WhiteFideId "-1"]
[BlackFideId "-1"]
[PlyCount "33"]
[GameId "2129404764996923"]
[EventDate "2018.08.11"]
[EventType "tourn"]
[EventRounds "9"]
[EventCountry "SWE"]
[EventCategory "8"]
[SourceTitle "10 Days #552"]
[Source "ChessMix"]
[SourceDate "2018.08.20"]
[SourceVersion "1"]
[SourceVersionDate "2018.08.20"]
[SourceQuality "1"]
[TimeControl "90+30"]
[WhiteClock "0:56:10"]
[BlackClock "0:54:50"]

1. Nf3 Nf6 2. c4 e6 3. d4 b6 4. a3 d5 5. Nc3 Be7 6. cxd5 exd5 7. Bg5 O-O 8. e3 Bb7 9. Bd3 Nbd7 10. Qc2 h6 11. Bf4 c5 12. O-O a6 13. Rfe1 c4 14. Bf5 b5 15. Ne5 Nb6 16. Rad1 Nc8 17. Ng4 1/2-1/2

[Event "SS Manhem GM"]
[Site "Molnlycke SWE"]
[Date "2018.08.13"]
[Round "4.2"]
[White "Schneider, Stefan"]
[Black "Golubka, Petro"]
[Result "0-1"]
[ECO "E06"]
[WhiteElo "2399"]
[BlackElo "2478"]
[WhiteFideId "-1"]
[BlackFideId "-1"]
[PlyCount "72"]
[GameId "2129404764996928"]
[EventDate "2018.08.11"]
[EventType "tourn"]
[EventRounds "9"]
[EventCountry "SWE"]
[EventCategory "8"]
[SourceTitle "10 Days #552"]
[Source "ChessMix"]
[SourceDate "2018.08.20"]
[SourceVersion "1"]
[SourceVersionDate "2018.08.20"]
[SourceQuality "1"]
[TimeControl "90+30"]
[WhiteClock "0:48:55"]
[BlackClock "0:01:22"]

1. d4 Nf6 2. c4 e6 3. Nf3 b6 4. g3 Ba6 5. Qa4 Bb7 6. Bg2 Be7 7. O-O O-O 8. Nc3 d5 9. Ne5 c6 10. Rd1 a6 11. Qc2 Nbd7 12. e4 dxc4 13. Nxc4 b5 14. Ne3 Rc8 15. e5 Nd5 16. Be4 f5 17. exf6 N7xf6 18. Bg2 c5 19. dxc5 Bxc5 20. Qb3 Kh8 21. a4 b4 22. Ncxd5 exd5 23. a5 Qe7 24. Qd3 Qf7 25. Rf1 Bc6 26. Qxa6 Qe8 27. Qd3 Bb5 28. Qd1 Bxf1 29. Qxf1 Ne4 30. Bxe4 Qxe4 31. Bd2 Bd4 32. Ra4 Rc2 33. Qd1 Rxf2 34. Qxc2 Rg2+ 35. Kh1 Qxc2 36. Rxb4 Rxh2+ 0-1

[Event "SS Manhem GM"]
[Site "Molnlycke SWE"]
[Date "2018.08.14"]
[Round "5.1"]
[White "Golubka, Petro"]
[Black "Johansson, Linus"]
[Result "1/2-1/2"]
[ECO "E12"]
[WhiteElo "2478"]
[BlackElo "2457"]
[WhiteFideId "-1"]
[BlackFideId "-1"]
[PlyCount "94"]
[GameId "2129404764996932"]
[EventDate "2018.08.11"]
[EventType "tourn"]
[EventRounds "9"]
[EventCountry "SWE"]
[EventCategory "8"]
[SourceTitle "10 Days #552"]
[Source "ChessMix"]
[SourceDate "2018.08.20"]
[SourceVersion "1"]
[SourceVersionDate "2018.08.20"]
[SourceQuality "1"]
[TimeControl "90+30"]
[WhiteClock "0:08:57"]
[BlackClock "0:10:34"]

1. d4 Nf6 2. c4 e6 3. Nf3 b6 4. a3 Bb7 5. Nc3 d5 6. cxd5 Nxd5 7. e3 Nxc3 8. bxc3 g6 9. h4 h6 10. Bb5+ c6 11. Bd3 Bg7 12. h5 g5 13. e4 c5 14. Be3 Nc6 15. Rc1 Qd6 16. dxc5 bxc5 17. Bb5 Qxd1+ 18. Kxd1 O-O-O+ 19. Ke2 Na5 20. Nd2 Rd6 21. f3 Rhd8 22. Rc2 Be5 23. Nc4 Nxc4 24. Bxc4 Bf4 25. Bxf4 gxf4 26. Rh4 Rg8 27. Kf2 e5 28. Bxf7 Rg7 29. Bg6 Rd1 30. Rg4 Kc7 31. Bf5 Rxg4 32. fxg4 Ba6 33. c4 Rh1 34. Rc3 Kd8 35. g3 Ke7 36. gxf4 exf4 37. e5 Bb7 38. Rd3 Rh2+ 39. Ke1 Rh1+ 40. Kd2 Rh2+ 41. Kc3 Bc6 42. Rd5 f3 43. Rxc5 f2 44. Rxc6 f1=Q 45. Rc7+ Kd8 46. Rc8+ Ke7 47. Rc7+ Kd8 1/2-1/2

[Event "SS Manhem GM"]
[Site "Molnlycke SWE"]
[Date "2018.08.15"]
[Round "6.2"]
[White "Sammalvuo, Tapani"]
[Black "Golubka, Petro"]
[Result "1-0"]
[ECO "E40"]
[WhiteElo "2411"]
[BlackElo "2478"]
[WhiteFideId "-1"]
[BlackFideId "-1"]
[PlyCount "125"]
[GameId "2129404764996938"]
[EventDate "2018.08.11"]
[EventType "tourn"]
[EventRounds "9"]
[EventCountry "SWE"]
[EventCategory "8"]
[SourceTitle "10 Days #552"]
[Source "ChessMix"]
[SourceDate "2018.08.20"]
[SourceVersion "1"]
[SourceVersionDate "2018.08.20"]
[SourceQuality "1"]
[TimeControl "90+30"]
[WhiteClock "0:24:13"]
[BlackClock "0:15:41"]

1. d4 Nf6 2. c4 e6 3. Nc3 Bb4 4. e3 d5 5. a3 Be7 6. Nf3 b6 7. cxd5 exd5 8. Qa4+ c6 9. Ne5 Bb7 10. Be2 O-O 11. O-O a6 12. Bf3 Bd6 13. e4 Bxe5 14. dxe5 Nfd7 15. exd5 Nxe5 16. Be4 cxd5 17. Rd1 b5 18. Qc2 dxe4 19. Rxd8 Rxd8 20. Bg5 Rc8 21. Qe2 Rc4 22. Rd1 Nbd7 23. Nd5 h6 24. Be3 Re8 25. b3 Rcc8 26. Nf4 Nc5 27. Bxc5 Rxc5 28. Qe3 Rec8 29. h3 Nd3 30. Nxd3 exd3 31. Rxd3 Bd5 32. Qd4 Be6 33. Rg3 g6 34. Kh2 Kh7 35. Re3 R5c6 36. Qb4 Rc5 37. Qa5 R5c6 38. Rd3 Bf5 39. Rf3 Be6 40. Re3 Rd6 41. Qb4 Rcd8 42. Qc3 R8d7 43. b4 Rd8 44. Qe5 Rd3 45. Qg3 Bc4 46. Qf4 Rxe3 47. Qxe3 Rd3 48. Qc1 Be6 49. f3 Rb3 50. Kg3 Rd3 51. Kf4 Bc4 52. Ke4 Rb3 53. Kd4 Be6 54. Qa1 Kg8 55. Kc5 Rd3 56. Kb6 Rd6+ 57. Kc7 Rd3 58. Kb7 Rd6 59. Qe5 Rd3 60. Kxa6 Bd7 61. Kb6 h5 62. Kc7 Rd2 63. Qe7 1-0

[Event "SS Manhem GM"]
[Site "Molnlycke SWE"]
[Date "2018.08.15"]
[Round "7.3"]
[White "Golubka, Petro"]
[Black "Brynell, Stellan"]
[Result "1-0"]
[ECO "E12"]
[WhiteElo "2478"]
[BlackElo "2391"]
[WhiteFideId "-1"]
[BlackFideId "-1"]
[PlyCount "59"]
[GameId "2129404765005136"]
[EventDate "2018.08.11"]
[EventType "tourn"]
[EventRounds "9"]
[EventCountry "SWE"]
[EventCategory "8"]
[SourceTitle "10 Days #552"]
[Source "ChessMix"]
[SourceDate "2018.08.20"]
[SourceVersion "1"]
[SourceVersionDate "2018.08.20"]
[SourceQuality "1"]
[TimeControl "90+30"]
[WhiteClock "0:16:37"]
[BlackClock "0:43:32"]

1. d4 Nf6 2. c4 e6 3. Nf3 b6 4. a3 Ba6 5. Qc2 c5 6. e4 cxd4 7. e5 Ng8 8. Nxd4 Bb7 9. Nc3 Nc6 10. Nf3 Qb8 11. Bf4 f6 12. Qe2 Nge7 13. Bg3 f5 14. O-O-O a6 15. h4 Ng8 16. Qe3 Bc5 17. Qg5 Bf8 18. Kb1 Nh6 19. Nd5 exd5 20. cxd5 Na7 21. e6 d6 22. e7 Bxe7 23. Qxg7 Nf7 24. Ng5 Rf8 25. Nxh7 Kd7 26. Bd3 Nh8 27. Rhe1 Qd8 28. Nxf8+ Qxf8 29. Rxe7+ Qxe7 30. Bxf5+ 1-0

[Event "SS Manhem GM"]
[Site "Molnlycke SWE"]
[Date "2018.08.16"]
[Round "8.1"]
[White "Golubka, Petro"]
[Black "Christiansen, Johan Sebastian"]
[Result "0-1"]
[ECO "E53"]
[WhiteElo "2478"]
[BlackElo "2515"]
[WhiteFideId "-1"]
[BlackFideId "-1"]
[PlyCount "122"]
[GameId "2129404765005139"]
[EventDate "2018.08.11"]
[EventType "tourn"]
[EventRounds "9"]
[EventCountry "SWE"]
[EventCategory "8"]
[SourceTitle "10 Days #552"]
[Source "ChessMix"]
[SourceDate "2018.08.20"]
[SourceVersion "1"]
[SourceVersionDate "2018.08.20"]
[SourceQuality "1"]
[TimeControl "90+30"]
[WhiteClock "0:13:22"]
[BlackClock "0:40:52"]

1. d4 Nf6 2. c4 e6 3. Nf3 d5 4. Nc3 Bb4 5. e3 O-O 6. Bd3 dxc4 7. Bxc4 c5 8. a3 Bxc3+ 9. bxc3 Qc7 10. Be2 b6 11. O-O Bb7 12. h3 Rd8 13. Bb2 Nc6 14. Rc1 Rac8 15. Re1 Na5 16. Bf1 c4 17. Nd2 Ne4 18. Nxe4 Bxe4 19. f3 Bd3 20. Bxd3 cxd3 21. Qxd3 Nc4 22. Qe2 Qc6 23. Qc2 Rd5 24. Rb1 Ra5 25. Ra1 Nxb2 26. Qxb2 Rb5 27. Qd2 Rb3 28. Rec1 Rxc3 29. Rxc3 Qxc3 30. Qxc3 Rxc3 31. Kf2 Rc2+ 32. Kg3 Kf8 33. a4 Ke7 34. Rb1 Kd6 35. a5 Kc6 36. axb6 axb6 37. h4 b5 38. h5 h6 39. Kf4 Rxg2 40. Rc1+ Kd6 41. e4 f6 42. e5+ Kd5 43. Ke3 fxe5 44. Rc5+ Kd6 45. Rxb5 exd4+ 46. Kxd4 Ke7 47. f4 Kf6 48. Ke4 Rd2 49. Rb1 Rd5 50. Rh1 Ra5 51. Kf3 Kf5 52. Rg1 Ra3+ 53. Ke2 Kf6 54. Rh1 Rg3 55. Kf2 Rg4 56. Ke3 Kf5 57. Rf1 Rh4 58. Rg1 Kf6 59. Rg6+ Kf7 60. Rg1 Rxh5 61. Ke4 Ra5 0-1

[Event "SS Manhem GM"]
[Site "Molnlycke SWE"]
[Date "2018.08.17"]
[Round "9.3"]
[White "Vestby Ellingsen, Mads"]
[Black "Golubka, Petro"]
[Result "1/2-1/2"]
[ECO "A59"]
[WhiteElo "2409"]
[BlackElo "2478"]
[WhiteFideId "-1"]
[BlackFideId "-1"]
[PlyCount "28"]
[GameId "2129404765005146"]
[EventDate "2018.08.11"]
[EventType "tourn"]
[EventRounds "9"]
[EventCountry "SWE"]
[EventCategory "8"]
[SourceTitle "10 Days #552"]
[Source "ChessMix"]
[SourceDate "2018.08.20"]
[SourceVersion "1"]
[SourceVersionDate "2018.08.20"]
[SourceQuality "1"]
[TimeControl "90+30"]
[WhiteClock "1:30:25"]
[BlackClock "1:09:30"]

1. d4 Nf6 2. c4 c5 3. d5 b5 4. cxb5 a6 5. bxa6 g6 6. Nc3 Bxa6 7. e4 Bxf1 8. Kxf1 d6 9. g3 Bg7 10. Kg2 O-O 11. Nf3 Nbd7 12. a4 Qb6 13. Qe2 Rfb8 14. Nb5 Ne8 1/2-1/2